 Dungeon Crawl Stone Soup version 0.23-a0-26-g9187234747 (webtiles) character file.

69850 Htamos the Carver (level 14, -8/119 HPs)
             Began as a Demigod Fighter on Aug 3, 2018.
             Killed from afar by a rime drake (13 damage)
             ... with a flash freeze
             ... on level 4 of the Lair of Beasts.
             The game lasted 01:06:15 (29338 turns).

Htamos the Carver (Demigod Fighter)                Turns: 29338, Time: 01:06:17

Health: -8/119     AC: 25    Str: 39    XL:     14   Next: 50%
Magic:  17/17      EV: 14    Int: 12    God:
Gold:   498        SH:  0    Dex: 15    Spells: 7/13 levels left

rFire    . . .     SeeInvis +   C - +10 scimitar of Kismet {pain, Str+5}
rCold    + . .     Gourm    .   c - +0 shield
rNeg     . . .     Faith    .   L - +7 chain mail "Rushuh" {rPois Str+2 SInv}
rPois    +         Spirit   .   i - +1 helmet
rElec    .         Reflect  +   o - +2 cloak {MR+}
rCorr    .         Harm     .   h - +0 pair of gloves
MR       +++..                  (no boots)
Stlth    ..........             W - +2 amulet of reflection
HPRegen  0.29/turn              A - ring of protection from cold
MPRegen  0.15/turn              r - ring "Laomofit" {rPois MR+}

@: confused, mighty, lethally poisoned (-8 -> -14), about to teleport, very
slightly contaminated
A: high mp 1
a: no special abilities


You were on level 4 of the Lair of Beasts.
You were not hungry.

You visited 3 branches of the dungeon, and saw 21 of its levels.
You also visited: Labyrinth and Bailey.

You collected 2184 gold pieces.
You spent 1686 gold pieces at shops.

Inventory:

Hand Weapons
 a - the +3 trident of the Final Chapter {pierce, Str-4 Int+7}
   (You found it on level 3 of the Lair of Beasts)

   It inflicts extra damage upon your enemies.
   It affects your strength (-4).
   It affects your intelligence (+7).
 y - a +3 falchion of holy wrath
 B - the +2 hand axe "Grim" {chop, rElec rN+ MR+ Stlth+}
   (You found it on level 6 of the Dungeon)

   It inflicts extra damage upon your enemies.
   It insulates you from electricity.
   It protects you from negative energy.
   It affects your resistance to hostile enchantments.
   It makes you more stealthy.
 C - the +10 scimitar of Kismet (weapon) {pain, Str+5}
   (You found it on level 6 of the Dungeon)

   In the hands of one skilled in necromantic magic, it inflicts extra damage on
   living creatures.
   It affects your strength (+5).
 Q - a +4 scimitar of flaming
 Z - the +4 dagger of Zafa {flame, +Rage rC+ Str+3}
   (You found it on level 2 of the Lair of Beasts)

   It has been specially enchanted to burn those struck by it, causing extra
   injury to most foes and up to half again as much damage against particularly
   susceptible opponents.
   It affects your strength (+3).
   It protects you from cold.
   It lets you go berserk.
Missiles
 e - 19 javelins
 n - 4 throwing nets (quivered)
Armour
 c - a +0 shield (worn)
 h - a +0 pair of gloves (worn)
 i - a +1 helmet (worn)
 m - a +1 plate armour
 o - a +2 cloak of magic resistance (worn)
 L - the +7 chain mail "Rushuh" (worn) {rPois Str+2 SInv}
   (You found it in a labyrinth)

   It affects your strength (+2).
   It protects you from poison.
   It lets you see invisible.
Jewellery
 l - an uncursed ring of positive energy
 r - the ring "Laomofit" (right hand) {rPois MR+}
   (You found it in a labyrinth)

   [ring of protection from magic]

   It protects you from poison.
   It affects your resistance to hostile enchantments.
 w - an uncursed ring of stealth
 A - a ring of protection from cold (left hand)
 H - an uncursed amulet of regeneration
 T - an uncursed ring of fire
 W - a +2 amulet of reflection (around neck)
 Y - the ring of Due Proportion {-Tele MR+ Str+3 Int+7}
   (You bought it in a shop on level 15 of the Dungeon)

   [ring of protection from magic]

   It affects your strength (+3).
   It affects your intelligence (+7).
   It affects your resistance to hostile enchantments.
   It prevents most forms of teleportation.
Wands
 d - a wand of polymorph (11)
 v - a wand of clouds (1)
 x - a wand of flame (76)
 D - a wand of acid (7)
 G - a wand of paralysis (43)
 U - a wand of random effects (26)
Scrolls
 g - 14 scrolls of remove curse
 j - a scroll of immolation
 k - 2 scrolls of amnesia
 E - 3 scrolls of identify
 M - a scroll of random uselessness {unknown}
 S - 2 scrolls of brand weapon
 X - 2 scrolls of magic mapping
Potions
 p - a potion of ambrosia
 q - a potion of magic
 t - 3 potions of flight
 z - a potion of resistance
 F - 3 potions of degeneration
 I - 2 potions of haste
 J - 4 potions of mutation
 K - 2 potions of brilliance
 P - a potion of cancellation
Miscellaneous
 O - a fan of gales (inert)
Comestibles
 f - 29 rations


   Skills:
 + Level 9.8 Fighting
 * Level 12.7 Long Blades
 - Level 10.7 Axes
 + Level 8.8 Armour
 + Level 9.2 Dodging
 + Level 9.8 Shields
 + Level 1.9 Hexes
 + Level 2.2 Necromancy


You had 7 spell levels left.
You knew the following spells:

 Your Spells              Type           Power        Failure   Level  Hunger
a - Confusing Touch       Hex            #.....       67%         1    ##.....
b - Borgnjor's Vile Clut  Necr/Erth      #.........   100%        5    ######.

Your spell library contained the following spells:

 Spells                   Type           Power        Failure   Level  Hunger
 Cause Fear               Hex            #.........   100%        4    #####..
 Magic Dart               Conj           #...         89%         1    ##.....
 Conjure Flame            Conj/Fire      #.......     99%         3    ####...
 Slow                     Hex            #.......     80%         2    ###....
 Confuse                  Hex            #.......     95%         3    ####...
 Throw Frost              Conj/Ice       #.....       96%         2    ###....
 Freezing Cloud           Conj/Ice/Air   #.........   100%        6    #######
 Mephitic Cloud           Conj/Pois/Air  #.......     99%         3    ####...
 Ring of Flames           Chrm/Fire      #.........   100%        7    #######
 Venom Bolt               Conj/Pois      #.........   100%        5    ######.
 Olgreb's Toxic Radiance  Pois           #.......     100%        4    #####..
 Blink                    Tloc           N/A          96%         2    ###....
 Animate Dead             Necr           N/A          100%        4    #####..
 Freeze                   Ice            #...         89%         1    ##.....
 Summon Ice Beast         Ice/Summ       #.......     100%        4    #####..
 Ozocubu's Armour         Chrm/Ice       #.......     99%         3    ####...
 Call Imp                 Summ           #.......     96%         2    ###....
 Sting                    Conj/Pois      #...         89%         1    ##.....
 Sublimation of Blood     Necr           #.........   75%         2    ###....
 Recall                   Summ/Tloc      N/A          99%         3    ####...
 Death Channel            Necr           #.........   100%        6    #######
 Deflect Missiles         Chrm/Air       #.........   100%        6    #######
 Throw Icicle             Conj/Ice       #.......     100%        4    #####..
 Ignite Poison            Fire/Tmut/Pois #.......     99%         3    ####...
 Metabolic Englaciation   Hex/Ice        #.........   100%        5    ######.
 Silence                  Hex/Air        #.........   100%        5    ######.
 Corona                   Hex            #......      67%         1    ##.....
 Alistair's Intoxication  Tmut/Pois      #.......     100%        5    ######.
 Simulacrum               Ice/Necr       #.........   100%        6    #######
 Conjure Ball Lightning   Conj/Air       #.........   100%        6    #######
 Portal Projectile        Hex/Tloc       #.....       99%         3    ####...
 Petrify                  Tmut/Erth      #.......     100%        4    #####..
 Tornado                  Air            #.........   100%        9    #######
 Leda's Liquefaction      Hex/Erth       #.........   100%        4    #####..
 Inner Flame              Hex/Fire       #.......     99%         3    ####...
 Summon Lightning Spire   Summ/Air       #.......     100%        4    #####..
 Irradiate                Conj/Tmut      #.........   100%        5    ######.
 Gell's Gravitas          Tloc           #.........   99%         3    ####...
 Yara's Violent Unravell  Hex/Tmut       #.........   100%        5    ######.
 Poisonous Vapours        Pois/Air       #.....       96%         2    ###....


Dungeon Overview and Level Annotations

Branches:
Dungeon (15/15)            Temple (0/1) D:7            Lair (4/6) D:11
  Snake (0/4) Lair:3          Orc (2/2) D:9             Elf (0/3) Orc:2
 Vaults (0/5) D:13         Depths (0/5) D:15
  Swamp: Lair:2-4    Shoals: Lair:2-4

Shops:
D:5 !   D:15 (*   Orc:2 *([:

Annotations:
D:5 1 runed door
D:11 2 runed doors, exclusion: orange crystal statue, Execuda's ghost, journeyman GnWn
Lair:4 Rupert


Innate Abilities, Weirdness & Mutations

You have an increased reservoir of magic. (+10% MP)


Message History

Press: ? - help, Dir - move target cursor You are very lightly contaminated with residual magic.
As you read the scroll of blinking, it crumbles to dust.
A rime drake comes into view.
* * * LOW HITPOINT WARNING * * *
You feel sick.
The rime drake hisses angrily.
Found a stone staircase leading up.
Okay, then.
As you read the scroll of teleportation, it crumbles to dust.
You feel strangely unstable.
* * * LOW HITPOINT WARNING * * *
You feel sick.
You are confused.
You feel invigorated.
* * * LOW HITPOINT WARNING * * *
You feel sick. The rime drake breathes ice at you. The flash freeze hits you!
You partially resist.
You die...

......##..P##.P
.#.............##
.P..............##
.......†.........#####
........?............#
.F..#........)........
S.....................
...$##............k.<.
#.# #####...S@.......
. ##...P.......
###PP.......
###...##.. #### #


You could see a black mamba and a rime drake.

Vanquished Creatures
  An orc warlord (Orc:1)
  A stone giant (Orc:1)
  A slime creature (D:15)
  A minotaur (Lab)
  An ettin (D:9)
  Erolcha (D:12)
  A hydra (D:15)
  An ogre mage (D:13)
  4 centaur warriors
  An ice dragon (Orc:1)
  2 death knights
  A death yak (D:10)
  10 two-headed ogres
  6 orc high priests
  A deep elf knight (D:13)
  2 skeletal warriors (D:15)
  6 unseen horrors
  5 orc knights
  Pikel (D:3)
  5 orc sorcerers
  9 ugly things
  3 deep elf magi
  A cyclops (D:14)
  2 manticores
  4 elephants (Lair:4)
  A guardian serpent (shapeshifter) (D:13)
  A black mamba (Lair:3)
  A torpor snail (Lair:1)
  Psyche (D:9)
  3 spiny frogs
  A rime drake (Lair:4)
  2 freezing wraiths (D:15)
  2 efreet
  A redback zombie (D:15)
  7 komodo dragons
  6 trolls
  3 meliai (D:15)
  2 polar bears (Orc:1)
  3 blink frogs (Lair:3)
  5 hippogriffs
  31 yaks
  A vampire (D:11)
  3 wyverns
  A wraith (D:11)
  Eustachio (D:6)
  A basilisk (Lair:3)
  2 hungry ghosts
  10 vampire mosquitoes
  8 wargs
  2 acid dragons
  4 water moccasins
  3 ice beasts
  31 orc warriors
  A porcupine (shapeshifter) (D:15)
  5 porcupines
  3 phantoms
  3 black bears
  An eye of draining (D:13)
  8 ogres
  5 boggarts
  14 centaurs
  5 wolves (Lair:3)
  8 crocodiles
  8 bullfrogs
  7 big kobolds
  A wyvern zombie (D:14)
  2 scorpions (D:5)
  A water moccasin zombie (D:6)
  6 killer bees
  8 wights
  A spriggan skeleton (Lab)
  2 troll skeletons (Lab)
  An electric eel (Lair:2)
  2 howler monkeys (D:5)
  8 crimson imps
  A bullfrog zombie (D:9)
  A wyvern simulacrum (D:14)
  4 centaur zombies
  16 orc priests
  9 hounds
  5 centaur skeletons
  23 orc wizards
  7 iguanas
  Natasha (thrice) (D:2)
  13 worker ants
  Robin (D:3)
  A worker ant zombie (D:11)
  11 adders
  4 gnolls
  5 shadow imps
  3 oozes
  An adder skeleton (D:6)
  10 leopard geckos
  69 orcs
  4 bats
  7 giant cockroaches
  14 goblins
  10 hobgoblins
  8 jackals
  A ball python (D:3)
  A ball python skeleton (D:4)
  7 frilled lizards
  13 kobolds
  9 rats
  A plant (D:9)
570 creatures vanquished.

Vanquished Creatures (collateral kills)
  A spiny frog (Lair:4)
  A hippogriff (Lair:4)
2 creatures vanquished.

Vanquished Creatures (others)
  A sky beast (D:6)
  An ogre (D:4)
  A necrophage (D:6)
  An orc wizard (Orc:1)
  A worker ant (D:4)
  2 adders (D:4)
  3 orcs
  A giant cockroach (D:4)
  A jackal zombie (D:6)
  5 fungi
  2 plants (Lair:3)
19 creatures vanquished.

Grand Total: 591 creatures vanquished

Notes
Turn   | Place    | Note
-------+----------+-------------------------------------------
     0 | D:1      | Htamos the Demigod Fighter began the quest for the Orb.
     0 | D:1      | Reached XP level 1. HP: 18/18 MP: 3/3
   269 | D:1      | Reached XP level 2. HP: 25/25 MP: 4/4
  1474 | D:2      | Noticed Natasha
  1479 | D:2      | Killed Natasha
  1479 | D:2      | Reached XP level 3. HP: 23/30 MP: 5/5
  1737 | D:2      | Noticed Natasha
  1747 | D:2      | Killed Natasha
  1747 | D:2      | Reached XP level 4. HP: 18/37 MP: 6/6
  1843 | D:2      | Noticed Natasha
  1851 | D:2      | Killed Natasha
  2437 | D:3      | Noticed Robin
  2446 | D:3      | Killed Robin
  2978 | D:4      | Noticed a slave
  2980 | D:4      | Noticed Pikel
  2997 | D:3      | Killed Pikel
  2997 | D:3      | Reached XP level 5. HP: 8/44 MP: 7/7
  2997 | D:3      | Reached XP level 6. HP: 9/50 MP: 8/8
  2997 | D:3      | Reached XP level 7. HP: 11/56 MP: 9/9
  4293 | D:4      | Found a snail-covered altar of Cheibriados.
  4539 | D:4      | Found an iron altar of Okawaru.
  4613 | D:5      | Entered Level 5 of the Dungeon
  5135 | D:5      | Found Bitaun's Distillery.
  5140 | D:5      | Bought a potion of lignification for 33 gold pieces
  5140 | D:5      | Bought a potion of curing for 33 gold pieces
  5140 | D:5      | Bought a potion of heal wounds for 55 gold pieces
  5140 | D:5      | Bought a potion of curing for 33 gold pieces
  5505 | D:5      | Found a runed door.
  5523 | D:5      | Found a runed door.
  5889 | D:5      | Reached XP level 8. HP: 62/62 MP: 10/10
  6240 | D:6      | Reached skill level 10 in Axes
  6282 | D:6      | Noticed Eustachio
  6296 | D:6      | Killed Eustachio
  6420 | D:6      | Learned a level 1 spell: Confusing Touch
  6487 | D:6      | Found a hide-covered altar of Uskayaw.
  6825 | D:6      | Got a pitted hand axe
  6826 | D:6      | Identified the cursed +2 hand axe "Grim" {chop, rElec rN+ MR+ Stlth+} (You found it on level 6 of the Dungeon)
  6889 | D:6      | Got a scorched scimitar
  6899 | D:6      | Identified the +10 scimitar of Kismet {pain, Str+5} (You found it on level 6 of the Dungeon)
  7659 | D:7      | Found a staircase to the Ecumenical Temple.
  7818 | D:7      | Reached skill level 1 in Long Blades
  7818 | D:7      | Reached skill level 1 in Dodging
  7865 | D:7      | Reached XP level 9. HP: 63/70 MP: 11/11
  8206 | D:7      | Reached skill level 2 in Long Blades
  9101 | D:8      | Found an ornate altar of the Wu Jian Council.
  9256 | D:8      | Reached skill level 3 in Long Blades
  9629 | D:8      | Identified a scroll of acquirement
  9731 | D:9      | Reached skill level 4 in Long Blades
  9888 | D:9      | Found a staircase to the Orcish Mines.
  9909 | D:9      | Found a shattered altar of Ashenzari.
  9961 | D:9      | Found a flagged portal.
  9970 | Bailey   | Entered a bailey
 10223 | Bailey   | Noticed an orc knight
 10224 | Bailey   | Found an iron altar of Okawaru.
 10224 | Bailey   | Noticed a kobold demonologist
 10224 | Bailey   | Noticed an orc high priest
 10234 | Bailey   | Noticed an orange demon
 10234 | Bailey   | Noticed an ice devil
 10237 | Bailey   | Noticed a rust devil
 10237 | Bailey   | Noticed a sun demon
 10470 | D:9      | Reached skill level 5 in Long Blades
 10486 | D:9      | Reached XP level 10. HP: 76/80 MP: 13/13
 10643 | D:9      | Reached skill level 5 in Shields
 10786 | D:9      | Noticed Psyche
 10794 | D:9      | Killed Psyche
 10902 | D:9      | Reached skill level 5 in Fighting
 11257 | D:10     | Entered Level 10 of the Dungeon
 11299 | D:10     | Noticed a death yak
 11453 | D:9      | Reached skill level 6 in Long Blades
 11587 | D:10     | Noticed a two-headed ogre
 11601 | D:10     | Killed a two-headed ogre
 11789 | D:10     | Killed a death yak
 12085 | D:10     | Reached skill level 7 in Long Blades
 12098 | D:10     | Noticed a death knight
 12136 | D:10     | Killed a death knight
 12136 | D:10     | Reached skill level 5 in Dodging
 12136 | D:10     | Reached XP level 11. HP: 79/89 MP: 14/14
 12349 | D:10     | Noticed a two-headed ogre
 12358 | D:10     | Killed a two-headed ogre
 13201 | D:11     | Noticed a two-headed ogre
 13211 | D:11     | Killed a two-headed ogre
 13331 | D:11     | Noticed Execuda's ghost (journeyman GnWn)
 13332 | D:11     | Noticed a lich
 13332 | D:11     | Noticed a skeletal warrior
 13332 | D:11     | Noticed a sphinx
 13333 | D:11     | Noticed a two-headed ogre
 13334 | D:11     | Noticed a tengu reaver
 13374 | D:11     | Found a staircase to the Lair.
 13407 | D:11     | Reached skill level 8 in Long Blades
 13581 | D:11     | Noticed a two-headed ogre
 13587 | D:11     | Killed a two-headed ogre
 13678 | D:11     | Noticed an orange crystal statue
 14086 | D:11     | Found a runed door.
 14093 | D:11     | Noticed a skeletal warrior
 14094 | D:11     | Noticed a necromancer
 14095 | D:11     | Noticed a two-headed ogre
 14103 | D:11     | Killed a two-headed ogre
 14103 | D:11     | Reached skill level 5 in Armour
 14205 | D:11     | Found a runed door.
 14679 | D:12     | Found a labyrinth entrance.
 14700 | Lab      | Entered a labyrinth
 16517 | Lab      | Noticed a minotaur
 16534 | Lab      | Killed a minotaur
 16558 | Lab      | Got a faintly glowing glass ring
 16559 | Lab      | Got a distressingly furry chain mail
 16574 | D:12     | Identified the +7 chain mail "Rushuh" {rPois Str+2 SInv} (You found it in a labyrinth)
 16667 | D:12     | Noticed an unseen horror
 16695 | D:12     | Killed an unseen horror
 16714 | D:12     | Reached skill level 9 in Long Blades
 17092 | D:12     | Noticed Erolcha
 17120 | D:12     | Killed Erolcha
 17181 | D:12     | Reached XP level 12. HP: 100/100 MP: 15/15
 17657 | D:13     | Noticed a centaur warrior
 17811 | D:13     | Killed a centaur warrior
 17917 | D:13     | Reached skill level 10 in Long Blades
 18131 | D:13     | Noticed an ogre mage
 18148 | D:13     | Killed an ogre mage
 18362 | D:13     | Noticed a centaur warrior
 18375 | D:13     | Killed a centaur warrior
 18468 | D:13     | Noticed a centaur warrior
 18482 | D:13     | Killed a centaur warrior
 18613 | D:13     | Found a gate to the Vaults.
 19198 | D:14     | Reached XP level 13. HP: 107/107 MP: 16/16
 19742 | D:15     | Entered Level 15 of the Dungeon
 19820 | D:15     | Identified the ring "Laomofit" {rPois MR+} (You found it in a labyrinth)
 19895 | D:15     | Found Puuvvat's Weapon Shop.
 19900 | D:15     | Reached skill level 11 in Long Blades
 20016 | D:15     | Found Uphul's Assorted Antiques.
 20143 | D:15     | Bought a scroll of brand weapon for 420 gold pieces
 20143 | D:15     | Bought a steaming wooden ring for 105 gold pieces
 20143 | D:15     | Bought a wand of paralysis (18) for 42 gold pieces
 20143 | D:15     | Bought a scroll labeled HUPICL RAONG for 21 gold pieces
 21222 | D:15     | Found a staircase to the Depths.
 21601 | D:15     | Noticed a frost giant
 21611 | D:15     | Identified the ring of Due Proportion {-Tele MR+ Str+3 Int+7} (You bought it in a shop on level 15 of the Dungeon)
 21622 | D:15     | Noticed a stone giant
 21629 | D:15     | Noticed a sphinx
 21629 | D:15     | a stone giant changed into a sphinx
 21630 | D:15     | Noticed a frost giant
 21630 | D:15     | a sphinx changed into a frost giant
 21632 | D:15     | a frost giant changed into an iron troll
 21642 | D:15     | Noticed an azure jelly
 21644 | D:15     | an azure jelly changed into an alligator snapping turtle
 21645 | D:15     | Noticed a golden dragon
 21645 | D:15     | an alligator snapping turtle changed into a golden dragon
 21648 | D:15     | Noticed an acid blob
 21648 | D:15     | a golden dragon changed into an acid blob
 21650 | D:15     | Noticed a caustic shrike
 21650 | D:15     | an acid blob changed into a caustic shrike
 21660 | D:15     | Noticed a golden dragon
 21660 | D:15     | a caustic shrike changed into a golden dragon
 21663 | D:15     | Noticed an iron giant
 21663 | D:15     | a golden dragon changed into an iron giant
 22179 | Orc:1    | Entered Level 1 of the Orcish Mines
 23713 | Orc:2    | Entered Level 2 of the Orcish Mines
 23713 | Orc:2    | Found Jirodot's Antique Weapon Shop.
 23716 | Orc:2    | Noticed a stone giant
 24305 | Orc:1    | Reached skill level 12 in Long Blades
 24826 | Orc:1    | Killed a stone giant
 25163 | Orc:2    | Noticed an orc warlord
 25205 | Orc:1    | Killed an orc warlord
 25205 | Orc:1    | Reached XP level 14. HP: 65/118 MP: 17/17
 25510 | Orc:2    | Found Sulot's Book Shop.
 25519 | Orc:2    | Bought a book of Unlife for 845 gold pieces
 25525 | Orc:2    | Learned a level 5 spell: Borgnjor's Vile Clutch
 25597 | Orc:2    | Found Efaa's General Store.
 25983 | Orc:2    | Found Jejurch Yczoi's Antique Armour Shoppe.
 25990 | Orc:2    | Reached skill level 1 in Necromancy
 26248 | Orc:2    | Bought a helmet for 99 gold pieces
 26313 | Orc:2    | Found a staircase to the Elven Halls.
 26638 | D:9      | You fall through a shaft for 3 floors!
 26688 | Lair:1   | Entered Level 1 of the Lair of Beasts
 27818 | Lair:2   | Reached skill level 1 in Hexes
 28038 | Lair:2   | Got an ancient dagger
 28039 | Lair:2   | Identified the +4 dagger of Zafa {flame, +Rage rC+ Str+3} (You found it on level 2 of the Lair of Beasts)
 28764 | Lair:3   | Found a staircase to the Snake Pit.
 28857 | Lair:3   | Got a scorched trident
 28858 | Lair:3   | Identified the +3 trident of the Final Chapter {pierce, Str-4 Int+7} (You found it on level 3 of the Lair of Beasts)
 29306 | Lair:4   | Noticed Rupert
 29335 | Lair:4   | HP: 4/119 [poisoned by a black mamba]
 29338 | Lair:4   | Killed from afar by a rime drake

Vault maps used:
D:1:      onia_arrival_pyramid
D:2:      wad_lake_hut, roderic_lattice_a, uniq_natasha
D:3:      first_ration, minmay_misc_feat_square, uniq_robin
D:4:      overflow_temple_1_default, okawaru_altar_gauntlet_db, uniq_pikel
D:5:      lemuel_insect_pit, serial_shops, nicolae_shop_waterfront
D:6:      kennysheep_mini_moat, lemuel_old_faithful, uniq_eustachio
D:7:      minmay_temple_entry_glassed_door
D:8:      lemuel_round_altar
D:9:      evilmike_ruin_ashenzari, orc_0_dummy, enter_bailey_1,
          blue_anna_alchemist, minmay_lizard_king, uniq_psyche
D:10:     argonaut_augean_stables
D:11:     erik_lair_orcish_takeover, muffindrake_ghost_dual_entry,
          minmay_statue_bubble
D:12:     lab_entry_generic, uniq_erolcha
D:13:     hangedman_vaults_entry_quadrant_bands
D:14:     st_stairs_13
D:15:     gammafunk_enter_depths_forms, hangedman_abyss_or_decor_lesser_grid,
          serial_shops, nicolae_shop_waterfront, nicolae_shop_statue_plus
Lair:1:   lemuel_fruit_tree
Lair:2:   nicolae_quartered_pool_little
Lair:3:   dummy_snake_entry, grunt_forest_small_clearings
Lair:4:   swamp_mist_pool, uniq_rupert
Orc:1:    portal_ice_cave_entry_animals_and_master
Orc:2:    grunt_orc_gardens, grunt_orc_garden, grunt_orc_garden,
          grunt_orc_garden, grunt_orc_garden
Lab:      nicolae_lab_hexagon, nicolae_lab_stuck, labyrinth_skeletal_remains
Bailey:   bailey_axe_of_yendor_kennysheep, bailey

Skill      XL: |  1  2  3  4  5  6  7  8  9 10 11 12 13 14 |
---------------+-------------------------------------------+-----
Axes           | 2 3 7 9 10 | 10.7
Shields        | 3 4 6 7 8 9 |  9.8
Fighting       | 3 4 5 7 8 9 |  9.8
Long Blades    | 1 5 7 9 10 12 | 12.7
Dodging        | 1 3 5 6 7 8 9 |  9.2
Armour         | 4 5 6 8 |  8.8
Necromancy     | 2 |  2.2
Hexes          | 1 |  1.9

Action                   |  1- 3 |  4- 6 |  7- 9 | 10-12 | 13-15 || total
-------------------------+-------+-------+-------+-------+-------++-------
Melee: War axe           |   104 |    67 |   280 |       |       ||   451
       Hand axe          |       |       |    34 |    29 |       ||    63
       Scimitar          |       |       |   182 |   644 |   793 ||  1619
Evoke: Wand              |       |       |       |    11 |     4 ||    15
       Fan of gales      |       |       |       |       |     1 ||     1
       Phantom mirror    |       |       |       |       |     1 ||     1
  Use: Potion            |       |     1 |    11 |     3 |    18 ||    33
       Scroll            |       |       |    18 |     6 |    16 ||    40
 Stab: Paralysed         |       |       |       |     8 |    10 ||    18
       Confused          |       |       |       |     3 |     1 ||     4
  Eat: Chunk             |     3 |     4 |    21 |    22 |    29 ||    79
       Ration            |       |       |     2 |     2 |     2 ||     6
Armor: Scale mail        |    42 |    15 |     4 |       |       ||    61
       Plate armour      |       |       |   257 |    79 |       ||   336
       Skin              |       |       |     4 |     5 |       ||     9
       Chain mail        |       |       |       |   135 |   254 ||   389
Dodge: Dodged            |    32 |    18 |   105 |   206 |   290 ||   651
Block: Shield            |    53 |    32 |   282 |   353 |   483 ||  1203
       Reflection        |       |       |       |       |     2 ||     2
       Rpst.: Scimitar   |       |       |     9 |    60 |    73 ||   142

Table legend:
 A = Spawn XP
 B = Non-spawn XP
 C = Spawn XP percentage of total XP
 D = Spawn monster count
 E = Non-spawn monster count
 F = Spawn count percentage of total count
 G = Total turns spent on level
                    A         B        C        D         E        F      G
               +---------+---------+-------+---------+---------+-------+---------
         Total |       0 |   99787 |   0.0 |       0 |     573 |   0.0 | 29338
               +---------+---------+-------+---------+---------+-------+---------
           D:1 |       0 |      30 |   0.0 |       0 |      19 |   0.0 |   792
           D:2 |       0 |     129 |   0.0 |       0 |      13 |   0.0 |  1172
           D:3 |       0 |     728 |   0.0 |       0 |      26 |   0.0 |  1528
           D:4 |       0 |     288 |   0.0 |       0 |      20 |   0.0 |  1121
           D:5 |       0 |     837 |   0.0 |       0 |      30 |   0.0 |  1500
           D:6 |       0 |    1016 |   0.0 |       0 |      30 |   0.0 |  1411
           D:7 |       0 |     796 |   0.0 |       0 |      16 |   0.0 |  1193
           D:8 |       0 |     505 |   0.0 |       0 |       9 |   0.0 |   986
           D:9 |       0 |    5626 |   0.0 |       0 |      53 |   0.0 |  2326
          D:10 |       0 |    6717 |   0.0 |       0 |      33 |   0.0 |  1734
          D:11 |       0 |    5587 |   0.0 |       0 |      24 |   0.0 |  1511
          D:12 |       0 |    5017 |   0.0 |       0 |      35 |   0.0 |  1258
          D:13 |       0 |   16764 |   0.0 |       0 |      60 |   0.0 |  1464
          D:14 |       0 |    3726 |   0.0 |       0 |      15 |   0.0 |   986
          D:15 |       0 |   17438 |   0.0 |       0 |      43 |   0.0 |  2092
        Lair:1 |       0 |    3635 |   0.0 |       0 |      17 |   0.0 |   770
        Lair:2 |       0 |    1996 |   0.0 |       0 |       9 |   0.0 |   931
        Lair:3 |       0 |    3520 |   0.0 |       0 |      17 |   0.0 |   784
        Lair:4 |       0 |    3406 |   0.0 |       0 |      10 |   0.0 |   165
         Orc:1 |       0 |   11962 |   0.0 |       0 |      52 |   0.0 |  2339
         Orc:2 |       0 |    8508 |   0.0 |       0 |      32 |   0.0 |  1130
           Lab |       0 |    1392 |   0.0 |       0 |       5 |   0.0 |  1863
        Bailey |       0 |     164 |   0.0 |       0 |       5 |   0.0 |   282
               +---------+---------+-------+---------+---------+-------+---------
